 Dungeon Crawl Stone Soup version 0.30-a0-782-ge64f9170bb (webtiles) character file.

Game seed: 14229496679888610777

434 funkygono the Chopper (level 6, -1/56 HPs)
             Began as a Minotaur Fighter on Mar 18, 2023.
             Splashed by a jelly's acid (10 damage)
             ... on level 4 of the Dungeon.
             The game lasted 00:04:39 (2770 turns).

funkygono the Chopper (Minotaur Fighter)            Turns: 2770, Time: 00:04:39

Health: -1/56      AC:  0    Str: 22    XL:     6   Next: 67%
Magic:  5/5        EV:  9    Int:  5    God:
Gold:   94         SH:  5    Dex: 16    Spells: 5/5 levels left

rFire   . . .      SeeInvis .    a - +0 war axe
rCold   . . .      Faith    .    c - +0 buckler
rNeg    . . .      Spirit   .    b - +0 scale mail
rPois   .          Reflect  .    (helmet restricted)
rElec   .          Harm     .    (no cloak)
rCorr   .          Rampage  .    (no gloves)
Will    .....                    r - +0 pair of boots Stlth
                                 (no amulet)
HPRegen 0.29/turn                f - +6 ring of dexterity
MPRegen 0.09/turn                (no ring)

@: corroded
A: horns 2, retaliatory headbutt
a: no special abilities


You were on level 4 of the Dungeon.
You visited 1 branch of the dungeon, and saw 4 of its levels.

You collected 94 gold pieces.

Inventory:

Hand Weapons
 a - a +0 war axe (weapon)
Armour
 b - a +0 scale mail (worn)
 c - a +0 buckler (worn)
 n - +0 steam dragon scales
 r - a +0 pair of boots (worn)
Jewellery
 f - a +6 ring of dexterity (left hand)
 p - a ring of ice
Scrolls
 h - 4 scrolls of identify {unknown}
 i - 2 scrolls of vulnerability {unknown}
 j - a scroll of amnesia {unknown}
 l - 2 scrolls of butterflies {unknown}
 m - 3 scrolls of teleportation {unknown}
 o - 3 scrolls of noise {unknown}
 q - 2 scrolls of immolation {unknown}
 s - a scroll of silence {unknown}
 u - a scroll of magic mapping {unknown}
Potions
 d - a potion of might
 e - 2 potions of curing {unknown}
 g - a potion of resistance {unknown}
 k - a potion of magic {unknown}
 t - a potion of heal wounds {unknown}


   Skills:
 + Level 5.1 Fighting
 + Level 6.3 Axes
 + Level 5.3 Armour
 + Level 0.5 Dodging
 + Level 0.2 Stealth
 + Level 4.3 Shields


You had 5 spell levels left.
You didn't know any spells.
Your spell library contained the following spells:

 Spells                   Type           Power      Damage    Failure   Level
 Beastly Appendage        Tmut           0%         N/A       86%         1
 Magic Dart               Conj           0%         1d3       86%         1
 Sandblast                Erth           0%         2d4       86%         1
 Call Imp                 Summ           0%         N/A       95%         2
 Passwall                 Tmut/Erth      0%         N/A       95%         2
 Wereblood                Tmut           0%         N/A       95%         2
 Mephitic Cloud           Conj/Pois/Air  0%         N/A       99%         3
 Portal Projectile        Hex/Tloc       0%         N/A       99%         3
 Spider Form              Tmut/Pois      0%         N/A       99%         3
 Stone Arrow              Conj/Erth      0%         3d7       99%         3
 Tukima's Dance           Hex            0%         N/A       99%         3
 Blade Hands              Tmut           0%         N/A       100%        5


Dungeon Overview and Level Annotations

Branches:
Dungeon (4/15)
 Temple: D:4-7

Altars:
Qazlal

Shops:
D:3 *

Annotations:
D:4 2 runed translucent doors, Takeo's ghost, weakling SpDe


Innate Abilities, Weirdness & Mutations

You have a pair of horns on your head.
You reflexively headbutt those who attack you in melee.


Message History

You slash the orc wizard!
You kill the orc wizard!
An orc comes into view. It is wielding a +0 flail.
You block the orc's attack.
The orc moves out of view.
You barely miss the orc. You headbutt the orc.
The orc is lightly wounded.
The orc barely misses you. You furiously retaliate!
You headbutt the orc!
You kill the orc!
An ice beast comes into view.
You slash the jelly!
Your hands burn!
The jelly is almost dead.
The jelly hits you.
You are splashed with acid!
You hit the jelly but do no damage.
Your hands burn!
The jelly is almost dead.
The jelly barely misses you. You furiously retaliate!
You headbutt the jelly.
You kill the jelly!
A jelly comes into view.
The jelly quivers.
You block the orc's attack. The ice beast barely misses you.
Items here: )) [ ††.
You slash the ice beast!
The ice beast is heavily wounded.
You slash the orc!
You kill the orc!
The ice beast hits you but does no damage.
You slash the ice beast!
You headbutt the ice beast, but do no damage.
The ice beast is almost dead.
You hit the jelly. The acid corrodes you!
Your hands burn!
The jelly hits you.
You are splashed with acid!
The ice beast hits you but does no damage.
You hit the ice beast but do no damage. Your headbutt misses the ice beast.
The ice beast is almost dead.
You hit the jelly.
Your hands burn!
The jelly hits you.
You are splashed with acid!
* * * LOW HITPOINT WARNING * * *
The ice beast barely misses you. The jelly hits you.
* * * LOW HITPOINT WARNING * * *
The acid corrodes you!
You are splashed with acid!
You die...

# ###### #.# #
#....######### #.#
####..#.........# #.#
........#######.# #.#
####.#.## #.# # #<# #
#.#.# #.# .# #.# # #.#.#
#.##.## #.# ## #.#.#
#.#J..# #.# .# #.#.#
#.@Y.# ######.# ## #.#.#
####.# #......# ####.#.###
#.# #.###### .........###
... #.# ...........##.#
#.# #.# .........#.##.#
#.# #.#
####.#.#.#.##.####.# #.#
###.##.#...........#####.#
..÷......................#


You could see an ice beast and a jelly.

Vanquished Creatures
  An ogre (D:4)
  2 jellies (D:4)
  A hound (D:4)
  An orc priest (D:4)
  An orc wizard (D:4)
  Robin (D:2)
  4 gnolls (D:2)
  7 adders
  An ufetubus (D:4)
  2 worms (D:3)
  4 dart slugs
  5 orcs (D:4)
  7 ball pythons
  5 bats
  6 endoplasms
  A giant cockroach (D:1)
  11 goblins
  9 hobgoblins
  A quokka (D:4)
  3 frilled lizards
  2 kobolds
  2 rats
77 creatures vanquished.

Notes
Turn   | Place    | Note
-------+----------+-------------------------------------------
     0 | D:1      | funkygono the Minotaur Fighter began the quest for the Orb.
     0 | D:1      | Reached XP level 1. HP: 19/19 MP: 0/0
   395 | D:1      | Reached XP level 2. HP: 27/27 MP: 1/1
   810 | D:2      | Reached XP level 3. HP: 33/33 MP: 2/2
   838 | D:2      | Reached skill level 3 in Axes
   866 | D:2      | Reached XP level 4. HP: 21/41 MP: 3/3
  1145 | D:2      | Noticed Robin
  1165 | D:2      | Killed Robin
  1307 | D:2      | Reached skill level 4 in Axes
  1754 | D:3      | Reached XP level 5. HP: 47/47 MP: 4/4
  2142 | D:3      | Found a stormy altar of Qazlal.
  2212 | D:3      | Found Gesuisun's General Store.
  2387 | D:4      | Reached skill level 5 in Axes
  2484 | D:4      | Reached XP level 6. HP: 53/55 MP: 5/5
  2512 | D:4      | Found a runed translucent door.
  2513 | D:4      | Noticed Takeo's ghost (weakling SpDe)
  2559 | D:4      | Found a runed translucent door.
  2646 | D:4      | Reached skill level 5 in Fighting
  2646 | D:4      | Reached skill level 6 in Axes
  2646 | D:4      | Reached skill level 5 in Armour
  2764 | D:4      | Noticed an ice beast
  2770 | D:4      | Splashed by a jelly's acid

Illustrated notes

Levels and vault maps discovered:
D:1:      giann_wishing_wells, layout_basic
D:2:      layout_basic, chequers_serial_rivers_micro_e, st_stairs_14, uniq_robin
D:3:      layout_basic, nicolae_qazlal_scattered_showers, serial_shops, shop
D:4:      layout_loops_ring, nicolae_ru_great_annihilating_truth,
          ebering_ghost_sewer_f, serial_bayou_pond_d

Skill      XL: |  1  2  3  4  5  6 |
---------------+-------------------+-----
Fighting       | 4 5 |  5.1
Armour         | 4 5 |  5.3
Shields        | 4 |  4.3
Axes           | 3 4 5 6 |  6.3
Dodging        | |  0.5
Stealth        | |  0.2

Action                     |  1- 3 |  4- 6 || total
---------------------------+-------+-------++-------
  Melee: War axe           |    39 |    96 ||   135
         Headbutt          |     9 |    17 ||    26
 Armour: Scale mail        |    23 |    48 ||    71
  Dodge: Dodged            |    17 |    35 ||    52
  Block: Buckler           |    13 |    26 ||    39

Table legend: (Time is in decaauts)
 A = Elapsed time spent in this place.
 B = Non-inter-level travel time spent in this place.
 C = Inter-level travel time spent in this place.
 D = Time resting spent in this place.
 E = Time spent auto-exploring this place.
 F = Levels seen in this place.
 G = Mean time per level.
                   A        B        C        D        E       F      G
               +--------+--------+--------+--------+--------+-----+--------+
         Total |   2815 |   2733 |     82 |      0 |   2197 |   4 |  703.8 |
       Dungeon |   2815 |   2733 |     82 |      0 |   2197 |   4 |  703.8 |
               +--------+--------+--------+--------+--------+-----+--------+

Top non-repeatable levels by time:
     D:2: 1017 daAuts
     D:1: 757 daAuts
     D:3: 561 daAuts
     D:4: 478 daAuts
